 Dungeon Crawl Stone Soup version 0.26-a0-858-gbf766624f9 (webtiles) character file.

Game seed: 14475752251996673671

11683 robertstho the Grappler (level 11, -6/107 HPs)
             Began as a Troll Delver on Nov 24, 2020.
             Was a Follower of Uskayaw.
             Mangled by a storm dragon (9 damage)
             ... on level 11 of the Dungeon.
             The game lasted 00:19:56 (10070 turns).

robertstho the Grappler (Troll Delver)             Turns: 10070, Time: 00:19:56

Health: -6/107     AC: 10    Str: 25    XL:     11   Next: 52%
Magic:  13/13      EV: 15    Int:  6    God:    Uskayaw [*.....]
Gold:   691        SH:  0    Dex: 11    Spells: 10/10 levels left

rFire    + . .     SeeInvis .   z - +1 demon whip "Siduwk" {flame, rElec rC+ rN+}
rCold    + + .     Faith    .   (no shield)
rNeg     + . .     Spirit   .   C - +0 troll leather armour
rPois    +         Reflect  .   j - +2 hat
rElec    +         Harm     .   (no cloak)
rCorr    +         Rampage  .   (gloves unavailable)
MR       +....                  (boots unavailable)
Stlth    ++........             G - amulet of the acrobat
HPRegen  1.07/turn              E - +4 ring of evasion
MPRegen  0.13/turn              a - ring of protection from magic

@: resistant, hasted, very quick
A: large, unfitting armour, claws 3, regeneration 1, shaggy fur 1, tough skin 3
a: Stomp, Renounce Religion


You were on level 11 of the Dungeon.
You worshipped Uskayaw.
Uskayaw was noncommittal.
You visited 1 branch of the dungeon, and saw 11 of its levels.

You collected 691 gold pieces.

Inventory:

Hand Weapons
 z - the +1 demon whip "Siduwk" (weapon) {flame, rElec rC+ rN+}
   (You found it on level 10 of the Dungeon)

   It has been specially enchanted to burn those struck by it, causing extra
   injury to most foes and up to half again as much damage against particularly
   susceptible opponents.
   It protects you from cold.
   It insulates you from electricity.
   It protects you from negative energy.
 F - a +7 spear of venom
Missiles
 L - 4 large rocks (quivered)
Armour
 j - a +2 hat (worn)
 q - a +2 robe of magic resistance
 C - a +0 troll leather armour (worn)
Jewellery
 a - a ring of protection from magic (right claw)
 i - a +6 ring of intelligence
 v - an uncursed amulet of regeneration
 x - an uncursed ring of positive energy
 E - a +4 ring of evasion (left claw)
 G - an amulet of the acrobat (around neck)
Wands
 f - a wand of digging (8)
 p - a wand of acid (9)
 y - a wand of random effects (30)
 D - a wand of paralysis (4)
Scrolls
 b - 4 scrolls of fog
 c - 2 scrolls of magic mapping
 g - 8 scrolls of remove curse
 l - 4 scrolls of random uselessness {unknown}
 m - a scroll of brand weapon {unknown}
 n - a scroll of amnesia {unknown}
 r - a scroll of immolation {unknown}
 s - 4 scrolls of enchant weapon {unknown}
 u - a scroll of enchant armour {unknown}
 w - a scroll of identify
 H - a scroll of silence {unknown}
 I - 3 scrolls of teleportation {unknown}
 J - a scroll of summoning {unknown}
 K - a scroll of blinking {unknown}
Potions
 e - 7 potions of haste
 h - 3 potions of degeneration
 k - 6 potions of lignification
 o - a potion of cancellation {unknown}
 t - 2 potions of magic
 A - a potion of resistance
 B - 2 potions of brilliance {unknown}


   Skills:
 * Level 6.7 Fighting
 + Level 4.1 Maces & Flails
 + Level 2.5 Armour
 + Level 4.8 Dodging
 - Level 4.0 Stealth
 * Level 12.7 Unarmed Combat
 * Level 5.2 Invocations
 + Level 0.1 Evocations


You had 10 spell levels left.
You didn't know any spells.
Your spell library contained the following spells:

 Spells                   Type           Power        Failure   Level
 Corona                   Hex            #......      50%         1
 Foxfire                  Conj/Fire      #...         50%         1
 Summon Small Mammal      Summ           #...         50%         1
 Call Imp                 Summ           #.......     63%         2
 Ensorcelled Hibernation  Hex/Ice        #.....       63%         2
 Call Canine Familiar     Summ           #.......     86%         3
 Confusing Touch          Hex            #.......     86%         3
 Conjure Flame            Conj/Fire      #.......     86%         3
 Dazzling Flash           Conj/Hex       #.....       86%         3
 Inner Flame              Hex/Fire       #.......     86%         3
 Summon Guardian Golem    Hex/Summ       #.......     86%         3
 Tukima's Dance           Hex            #.......     86%         3
 Sticky Flame             Conj/Fire      #.......     99%         4
 Summon Ice Beast         Ice/Summ       #.......     99%         4
 Summon Lightning Spire   Summ/Air       #.......     99%         4
 Fireball                 Conj/Fire      #.........   100%        5


Dungeon Overview and Level Annotations

Branches:
Dungeon (11/15)            Temple (0/1) D:7            Lair (0/6) D:8
    Orc (0/2) D:10

Altars:
Ashenzari
Dithmenos
Qazlal
Sif Muna
Uskayaw
Wu Jian
Xom
Beogh

Shops:
D:8 [(=:


Innate Abilities, Weirdness & Mutations

You are too large for most types of armour.
You have claws for hands.
Your natural rate of healing is unusually fast.
You are covered in fur. (AC +1)
You have extremely tough skin. (AC +3)


Message History

It was a potion of magic.
Magic courses through your body.
As you read the scroll of fear, it crumbles to dust.
You assume a fearsome visage.
The storm dragon resists with almost no effort.
The orc warrior looks frightened!
The storm dragon breathes lightning at you.
The bolt of lightning hits you! You resist.
* * * LOW HITPOINT WARNING * * *
You hear a shout!
As you read the scroll of fear, it crumbles to dust.
You assume a fearsome visage.
The storm dragon resists with almost no effort.
The storm dragon barely misses you. x2; The storm dragon tramples you.
* * * LOW HITPOINT WARNING * * *
You stumble backwards!
It was a potion of resistance.
You feel protected.
An orc wizard comes into view. It is wielding a +0 dagger.
The storm dragon bites you!
You die...

...................##)).......##
######.....######.............#
##....# .##.##.........# #.8'8#
o.#.###'########
#.#.######o#.###.#
#.#..'.....#..)..###
#######.#..'.....#..##...#
.....##.#.######.#.#####.#######
........8'8#.._D@#.# #........#
.....#.....#⌠...##.####[.......#
.....#.....######..'..#........#
.....##....).......##..........##
.........###.......####..........
.....##### #.......# #........##
###### #....>..# #........##
######### ##########


You could see a storm dragon (catching breath), an orc warrior (fleeing) and an
orc wizard.

Vanquished Creatures
  Erolcha (D:10)
  2 two-headed ogres
  2 unseen horrors
  A cyclops (D:11)
  A centaur zombie (D:11)
  A centaur skeleton (D:10)
  2 trolls
  A hornet (D:11)
  The ghost of PolarFrosty the Covered, an amateur MiFi (D:4)
  3 yaks (D:11)
  Grum (D:8)
  A soldier ant (D:11)
  3 water moccasins
  4 orc warriors
  7 ice beasts
  4 sky beasts
  4 phantoms
  2 black bears
  A necrophage (D:11)
  5 wolves (D:8)
  7 ogres
  A centaur (D:11)
  2 big kobolds
  Blork the orc (D:4)
  7 bullfrogs
  A gnoll sergeant (D:9)
  A wyvern zombie (D:10)
  2 scorpions
  5 killer bees (D:10)
  8 wights
  A howler monkey (D:9)
  2 electric eels (D:8)
  A bullfrog zombie (D:10)
  6 hounds
  5 orc priests
  2 jellies
  11 orc wizards
  2 iguanas (D:7)
  2 bullfrog skeletons
  6 worker ants
  A hound skeleton (D:10)
  16 adders
  8 gnolls
  A white imp (D:8)
  An ufetubus (D:9)
  2 oozes (D:6)
  4 adder skeletons
  An adder zombie (D:7)
  2 worms (D:4)
  A dart slug (D:3)
  7 leopard geckos
  38 orcs
  5 giant cockroaches
  10 goblins
  7 hobgoblins
  15 jackals
  17 kobolds
  2 quokkas
  4 bats
  9 frilled lizards
  A quokka skeleton (D:5)
  11 rats
283 creatures vanquished.

Notes
Turn   | Place    | Note
-------+----------+-------------------------------------------
     0 | D:5      | robertstho the Troll Delver began the quest for the Orb.
     0 | D:5      | Reached XP level 1. HP: 22/22 MP: 0/0
    35 | D:5      | Reached XP level 2. HP: 29/29 MP: 1/1
   136 | D:5      | Noticed an ice beast
   148 | D:5      | Killed an ice beast
   149 | D:5      | Reached skill level 3 in Unarmed Combat
   149 | D:5      | Reached XP level 3. HP: 22/37 MP: 2/2
   149 | D:5      | Reached XP level 4. HP: 27/45 MP: 3/3
   184 | D:5      | Reached XP level 5. HP: 42/53 MP: 4/4
   746 | D:6      | Found a shadowy altar of Dithmenos.
   755 | D:6      | Reached XP level 6. HP: 53/61 MP: 5/5
   956 | D:6      | Reached skill level 4 in Unarmed Combat
  1867 | D:7      | Noticed a sky beast
  1882 | D:7      | Reached skill level 5 in Unarmed Combat
  1882 | D:7      | Reached XP level 7. HP: 20/67 MP: 6/6
  1906 | D:7      | Found a hide-covered altar of Uskayaw.
  1924 | D:7      | Reached skill level 6 in Unarmed Combat
  1930 | D:7      | Became a worshipper of Uskayaw the Reveller
  2109 | D:7      | Reached * piety under Uskayaw
  2110 | D:7      | Reached ** piety under Uskayaw
  2126 | D:7      | Reached *** piety under Uskayaw
  2211 | D:7      | Reached XP level 8. HP: 47/78 MP: 7/7
  2290 | D:7      | Found a shimmering altar of Xom.
  2290 | D:7      | Found a broken altar of Ashenzari.
  2298 | D:7      | Reached skill level 7 in Unarmed Combat
  2455 | D:7      | Found a staircase to the Ecumenical Temple.
  2799 | D:4      | Found a runed translucent gate.
  2799 | D:4      | Found a runed translucent gate.
  2799 | D:4      | Found a runed translucent gate.
  2803 | D:4      | Noticed PolarFrosty's ghost (amateur MiFi)
  3052 | D:4      | Reached skill level 8 in Unarmed Combat
  3052 | D:4      | Reached skill level 1 in Invocations
  3124 | D:4      | Noticed Blork the orc
  3130 | D:4      | Killed Blork the orc
  3621 | D:4      | Identified the cursed +0 hunting sling of Temperance
                  | {flame, rC++ Str-2 Int+4}
  3621 | D:4      | Identified the +9 chain mail of Kixtis {rElec}
  3825 | D:4      | Found a roughly hewn altar of Beogh.
  4093 | D:3      | Found a stormy altar of Qazlal.
  4160 | D:3      | Found a shimmering blue altar of Sif Muna.
  4644 | D:2      | Reached skill level 9 in Unarmed Combat
  5168 | D:1      | Reached XP level 9. HP: 82/85 MP: 9/9
  5957 | D:4      | Killed PolarFrosty's ghost
  6126 | D:8      | Found Ryoho's Book Shoppe.
  6222 | D:8      | Reached **** piety under Uskayaw
  6239 | D:8      | Found Voruufe's Weapon Emporium.
  6371 | D:8      | Noticed Grum
  6383 | D:8      | Killed Grum
  6384 | D:8      | Reached skill level 10 in Unarmed Combat
  6625 | D:8      | Noticed a troll
  6673 | D:8      | Killed a troll
  6673 | D:8      | Reached ***** piety under Uskayaw
  6753 | D:8      | Found a staircase to the Lair.
  6760 | D:8      | Reached skill level 11 in Unarmed Combat
  6848 | D:8      | Reached skill level 5 in Fighting
  6879 | D:8      | Found Joxoacye's Antique Armour Shop.
  7041 | D:8      | Found Toidudae's Jewellery Shoppe.
  7328 | D:9      | Reached XP level 10. HP: 91/96 MP: 11/11
  7489 | D:9      | Noticed a two-headed ogre
  8033 | D:9      | Killed a two-headed ogre
  8081 | D:10     | Entered Level 10 of the Dungeon
  8101 | D:10     | Reached skill level 1 in Armour
  8176 | D:10     | Found a staircase to the Orcish Mines.
  8229 | D:10     | Reached skill level 12 in Unarmed Combat
  8385 | D:10     | Got a fine demon whip
  8386 | D:10     | Identified the +1 demon whip "Siduwk" {flame, rElec rC+
                  | rN+} (You found it on level 10 of the Dungeon)
  8833 | D:10     | Noticed Erolcha
  8844 | D:10     | Killed Erolcha
  8845 | D:10     | Reached skill level 1 in Maces & Flails
  8949 | D:10     | Killed an unseen horror
  9082 | D:11     | Noticed a two-headed ogre
  9086 | D:11     | Killed a two-headed ogre
  9087 | D:11     | Reached XP level 11. HP: 87/105 MP: 13/13
  9200 | D:11     | Noticed a two-headed ogre
  9264 | D:11     | Paralysed by a hornet for 3 turns
  9445 | D:11     | Reached ****** piety under Uskayaw
  9568 | D:11     | Reached skill level 5 in Invocations
  9577 | D:11     | Found a large runed translucent door.
  9582 | D:11     | Killed an unseen horror
  9964 | D:11     | Found a large runed translucent door.
 10052 | D:11     | Found an ornate altar of the Wu Jian Council.
 10052 | D:11     | Noticed a storm dragon
 10068 | D:11     | HP: 4/107 [storm dragon/bolt of lightning (10)]
 10070 | D:11     | Mangled by a storm dragon

Illustrated notes

Levels and vault maps discovered:
D:1:      saegor_arrival_simple_b, layout_loops_cross, minmay_bisected
D:2:      layout_basic, minmay_cut_off
D:3:      layout_basic, lemuel_round_altar, hangedman_decor_peaks_small,
          minmay_misc_feat_nine_boxes, minmay_misc_feat_rows, led_sif_book
D:4:      layout_gridville, biasface_ghost_orc_armoury, uniq_blork_the_orc
D:5:      layout_basic
D:6:      layout_layer_cave, nicolae_dithmenos_the_darkroom
D:7:      layout_cave_pods, eat_drink_and_be_merry_uskayaw,
          gammafunk_temple_overflow_pools, temple_pool_b
D:8:      layout_layer_cave, erik_lair_island, serial_shops, shop, shop_statue,
          nicolae_shop_crystal, nicolae_shop_behind_doors, item_on_display_a,
          uniq_grum
D:9:      layout_irregular_city, minmay_stone_trees_small
D:10:     layout_basic, orc_0_dummy, minivault_24, uniq_erolcha
D:11:     layout_roguey, minmay_holes, minivault_21, jmf_multi_god_temple2

Skill      XL: |  1  2  3  4  5  6  7  8  9 10 11 |
---------------+----------------------------------+-----
Fighting       | 3 4 5 6 |  6.7
Stealth        | 3 4 |  4.0
Unarmed Combat | 3 5 6 9 11 12 | 12.7
Dodging        | 2 3 4 |  4.8
Invocations    | 1 3 4 5 |  5.2
Armour         | 2 |  2.5
Maces & Flails | 2 4 |  4.1
Evocations     | |  0.1

Action                   |  1- 3 |  4- 6 |  7- 9 | 10-12 || total
-------------------------+-------+-------+-------+-------++-------
Melee: Unarmed           |    26 |    70 |   476 |    64 ||   636
       Punch             |       |       |    19 |    23 ||    42
       Demon whip        |       |       |       |   274 ||   274
Invok: Stomp             |       |       |     2 |       ||     2
       Line Pass         |       |       |       |     1 ||     1
Evoke: Wand              |       |       |       |     4 ||     4
  Use: Potion            |       |       |     5 |     6 ||    11
       Scroll            |       |       |     4 |     3 ||     7
 Stab: Sleeping          |     1 |     3 |    12 |     6 ||    22
       Paralysed         |       |       |    11 |    22 ||    33
       Confused          |       |       |       |     1 ||     1
Armor: Robe              |    20 |    27 |   150 |       ||   197
       Troll leather arm |       |       |     9 |   103 ||   112
Dodge: Dodged            |    12 |    36 |   233 |   228 ||   509

Table legend: (Time is in decaauts)
 A = Elapsed time spent in this place.
 B = Non-inter-level travel time spent in this place.
 C = Inter-level travel time spent in this place.
 D = Time resting spent in this place.
 E = Time spent auto-exploring this place.
 F = Levels seen in this place.
 G = Mean time per level.
                   A        B        C        D        E       F      G
               +--------+--------+--------+--------+--------+-----+--------+
         Total |   9963 |   9332 |    631 |    122 |   7395 |  11 |  905.7 |
       Dungeon |   9963 |   9332 |    631 |    122 |   7395 |  11 |  905.7 |
               +--------+--------+--------+--------+--------+-----+--------+

Top non-repeatable levels by time:
     D:4: 1220 daAuts
     D:6: 1100 daAuts
     D:8: 1098 daAuts
    D:10: 999 daAuts
    D:11: 988 daAuts
     D:7: 908 daAuts
     D:9: 869 daAuts
     D:3: 854 daAuts
     D:5: 745 daAuts
     D:1: 716 daAuts
     D:2: 461 daAuts
